cohdb
Replays
Latest Replays
All Replays
Popular Replays
Top Player Replays
Match Explorer
How It Works
Community
CoH3 Stats
Reddit
Sign in to upload your games and track your stats! →
Sign in with Steam
Match 42612689
Unlisted
Match 42612689
Overview
Messages
Build Orders
End
Construct Section Command Post
Infantry Section
Infantry Section
Infantry Section
Construct Platoon Command Post
Selects Australian Defense Battlegroup
Selects Australian Light Infantry Section
Selects 2-pounder Anti-tank Gun Team
2-pounder Anti-tank Gun Team
Grenade Package
Infantry Training
2-pounder Anti-tank Gun Team
Construct Company Command Post
Royal Engineer Section
Jonesy
A2O
iPlayThisNaked
.
MrGlaucus
SuurSaadik
A Quick Workaround
Komrad Dyatlov
0
0
Comments
sign in to comment!
No comments posted yet!